 Dungeon Crawl Stone Soup version 0.31-a0-876-gfe8ebadbca (webtiles) character file.

Game seed: 15485133295123157724

2 Azuregosa the Sneak (level 1, -7/16 HPs)
             Began as an Octopode Delver on Oct 13, 2023.
             Killed by nerve-wracking pain
             ... invoked by Grinder
              (12 damage)
             ... on level 4 of the Dungeon.
             The game lasted 00:00:58 (88 turns).

Azuregosa the Sneak (Octopode Delver)                 Turns: 88, Time: 00:00:59

Health: -7/16      AC:  1    Str: 11    XL:     1   Next: 30%
Magic:  1/1        EV: 13    Int: 12    God:
Gold:   11         SH:  0    Dex: 13    Spells: 0/0 levels left

rFire   . . .        a - +0 hand axe
rCold   . . .        (no shield)
rNeg    . . .        (helmet restricted)
rPois   .            (no amulet)
rElec   .            (no ring)
rCorr   .            (no ring)
SInv    .            (no ring)
Will    .....        (no ring)
Stlth   ++++         (no ring)
HPRegen 0.22/turn    (no ring)
MPRegen 0.07/turn    (no ring)
                     (no ring)

%: no passive effects
@: no status effects
A: almost no armour, amphibious, 8 rings, camouflage 1, gelatinous body 1,
(nimble swimmer 1), tentacles
a: no special abilities


You were on level 4 of the Dungeon.
You visited 1 branch of the dungeon, and saw 3 of its levels.

You collected 11 gold pieces.

Inventory:

Hand Weapons
 a - a +0 hand axe (weapon)
Wands
 f - a wand of digging (3)
Scrolls
 b - a scroll of fog
 c - a scroll of identify {unknown}
 d - a scroll of fear
 h - a scroll of summoning {unknown}
Potions
 e - a potion of haste
 g - a potion of lignification {unknown}


   Skills:
 + Level 3.0 Fighting
 + Level 2.0 Axes
 + Level 2.0 Dodging
 + Level 6.6 Stealth


You couldn't memorise any spells.
You didn't know any spells.
Your spell library was empty.

Dungeon Overview and Level Annotations

Branches:
Dungeon (5/15)
 Temple: D:4-7

Altars:

Annotations:
D:3 Robin
D:4 Grinder


Innate Abilities, Weirdness & Mutations

You cannot wear most types of armour.
You are amphibious.
You can wear up to eight rings at the same time.
Your skin changes colour to match your surroundings (Stealth+).
Your rubbery body absorbs attacks. (AC +1, EV +1)
((You are camouflaged when in or above water. (Stealth+)))
You have tentacles for arms and can constrict up to eight enemies at once.


Message History

2 goblins come into view.
A goblin, Grinder and a bat come into view.
Found 20 gold pieces.
The goblin shouts! x2; You hear a shout! x4
Robin of the Strong Arm comes into view.
They are wielding a +9 club.
Robin shouts!
Robin flexes a bicep menacingly.
You hear a shout!
A goblin and a hobgoblin come into view.
Found a stone staircase leading up.
The hobgoblin shouts!
The goblin hits you but does no damage.
A hobgoblin comes into view.
The goblin attacks as it pursues you! The goblin closely misses you.
Grinder closely misses you.
Robin roars a battlecry!
The goblins go into a battle-frenzy!
A hobgoblin comes into view.
The hobgoblin shouts!
Grinder attacks as she pursues you! Grinder hits you.
You writhe in agony.
* * * LOW HITPOINT WARNING * * *
Grinder attacks as she pursues you! Grinder barely misses you.
There is a stone staircase leading down here.
Grinder closely misses you.
You climb downwards.
There is a stone staircase leading up here.
You hit Grinder but do no damage. You grab Grinder.
You constrict Grinder, but do no damage.
Grinder misses you.
You hit Grinder.
Grinder is lightly wounded.
You constrict Grinder. Grinder hits you.
You hit Grinder but do no damage. You squeeze Grinder.
Grinder is moderately wounded.
You constrict Grinder.
Grinder blinks free!
Grinder gestures at you. Pain shoots through your body!
Ouch! That really hurt!
You die...
Grinder says, "Now the real fun starts!"

#####>....#
#......####
#......#
#......#
#...5..#
#......#
.##......#
.........#
#######@##
#<# #.# #..
#.## #.#
#.# ..# .##


You could see Grinder.

Vanquished Creatures
  A goblin (D:3)
  A ball python (D:4)
2 creatures vanquished.

Notes
Turn   | Place    | Note
-------+----------+-------------------------------------------
     0 | D:5      | Azuregosa the Octopode Delver began the quest for the Orb.
     0 | D:5      | Reached XP level 1. HP: 16/16 MP: 1/1
     6 | D:5      | Noticed an ogre
    73 | D:3      | Noticed Grinder
    74 | D:3      | Noticed Robin
    88 | D:4      | Killed from afar by Grinder

Illustrated notes

Levels and vault maps discovered:
D:3:      layout_rooms, nicolae_gozag_conspicuous_consumption,
          nicolae_twisty_statue_hallways, uniq_robin, uniq_grinder
D:4:      layout_loops_cross, doesnt_xom_only_xom, mainiacjoe_overflow_alcove_3,
          lemuel_blue_sif_altar, minmay_temple_entry_nine_rooms,
          gammafunk_ghost_grave, uniq_blork_the_orc
D:5:      layout_basic, minmay_holes

Action                     || total
---------------------------++-------
  Melee: Hand axe          ||     5
         Constrict         ||     1
         Tentacles         ||     1
    Use: Scroll            ||     1
   Stab: Sleeping          ||     2
 Armour: Skin              ||     3
  Dodge: Dodged            ||     5

Table legend: (Time is in decaauts)
 A = Elapsed time spent in this place.
 B = Non-inter-level travel time spent in this place.
 C = Inter-level travel time spent in this place.
 D = Time resting spent in this place.
 E = Time spent auto-exploring this place.
 F = Levels seen in this place.
 G = Mean time per level.
                   A        B        C        D        E       F      G
               +--------+--------+--------+--------+--------+-----+--------+
         Total |     89 |     89 |      0 |      0 |      4 |   3 |   29.7 |
       Dungeon |     89 |     89 |      0 |      0 |      4 |   3 |   29.7 |
               +--------+--------+--------+--------+--------+-----+--------+

Top non-repeatable levels by time:
     D:5: 35 daAuts
     D:4: 32 daAuts
     D:3: 22 daAuts
